 Dungeon Crawl Stone Soup version 0.29-a0-283-ga02f740833 (webtiles) character file.

Game seed: 1869459610446694260

8036 horus123 the Destroyer (level 10, -1/69 HPs)
             Began as a Demigod Conjurer on Mar 14, 2022.
             Killed by divine providence
             ... invoked by an orc priest
              (15 damage)
             ... on level 9 of the Dungeon.
             The game lasted 00:27:11 (13320 turns).

horus123 the Destroyer (Demigod Conjurer)          Turns: 13320, Time: 00:27:11

Health: -1/69      AC:  7    Str:  8    XL:     10   Next: 75%
Magic:  8/25       EV: 16    Int: 32    God:
Gold:   551        SH:  0    Dex: 12    Spells: 5/23 levels left

rFire   + . .      SeeInvis .   r - +5 short sword (spect)
rCold   + + .      Faith    .   (no shield)
rNeg    . . .      Spirit   .   m - +2 robe {rC+ rF+}
rPois   .          Reflect  .   v - +1 hat
rElec   .          Harm     .   (no cloak)
rCorr   .          Rampage  .   J - +0 pair of gloves
Will    +....                   K - +0 pair of boots
Stlth   ++........              (no amulet)
HPRegen 0.21/turn               e - +4 ring of evasion
MPRegen 0.19/turn               p - ring of protection from cold

@: very slightly contaminated
A: high MP 1, forlorn, divine attributes
a: no special abilities


You were on level 9 of the Dungeon.
You visited 1 branch of the dungeon, and saw 9 of its levels.
You also visited: Ossuary.

You collected 551 gold pieces.

Inventory:

Hand Weapons
 r - a +5 spectral short sword (weapon)
Missiles
 s - a throwing net
Armour
 m - a +2 robe of resistance (worn)
 v - a +1 hat (worn)
 B - +0 steam dragon scales
 J - a +0 pair of gloves (worn)
 K - a +0 pair of boots (worn)
Jewellery
 c - an amulet of guardian spirit
 e - a +4 ring of evasion (left hand)
 p - a ring of protection from cold (right hand)
 y - a ring of see invisible
Wands
 a - a wand of digging (3)
 l - a wand of charming (4)
 x - a wand of flame (47)
Scrolls
 d - a scroll of vulnerability
 h - 5 scrolls of immolation
 i - 4 scrolls of teleportation
 j - a scroll of magic mapping
 n - 2 scrolls of torment
 F - 2 scrolls of blinking
 G - a scroll of silence
Potions
 f - 4 potions of heal wounds
 g - a potion of lignification
 k - 2 potions of haste
 o - 4 potions of attraction
 q - 5 potions of brilliance
 t - a potion of curing
 u - 2 potions of flight
 w - a potion of ambrosia
 C - 2 potions of cancellation
 D - a potion of degeneration {unknown}
 E - a potion of mutation {unknown}
 L - a potion of berserk rage {unknown}


   Skills:
 - Level 1.7 Dodging
 - Level 1.7 Stealth
 + Level 7.3 Spellcasting
 - Level 10.1 Conjurations
 - Level 10.0 Fire Magic


You had 5 spell levels left.
You knew the following spells:

 Your Spells              Type           Power      Damage    Failure   Level
a - Magic Dart            Conj           100%       1d8       1%          1
b - Searing Ray           Conj           100%       2d8       1%          2
c - Iskenderun's Mystic   Conj/Tloc      44%        2d10      4%          4
d - Fireball              Conj/Fire      33%        3d14      1%          5
e - Starburst             Conj/Fire      33%        6d10      10%         6

Your spell library contained the following spells:

 Spells                   Type           Power      Damage    Failure   Level
 Dazzling Flash           Conj/Hex       88%        N/A       1%          3
 Stone Arrow              Conj/Erth      88%        3d12      1%          3
 Mephitic Cloud           Conj/Pois/Air  33%        N/A       3%          3
 Sandblast                Erth           22%        2d7       4%          1
 Fulminant Prism          Conj/Hex       22%        3d13      4%          4
 Call Imp                 Summ           11%        N/A       6%          2
 Corpse Rot               Necr/Air       22%        N/A       6%          2
 Passwall                 Tmut/Erth      9%         N/A       6%          2
 Dispel Undead            Necr           11%        3d9       38%         4
 Death Channel            Necr           5%         N/A       99%         6
 Ignition                 Fire           33%        3d10      99%         8


Dungeon Overview and Level Annotations

Branches:
Dungeon (9/15)             Temple (0/1) D:4            Lair (0/6) D:8
Ossuary (visited)
    Orc: D:9-12

Shops:
D:4 *   D:8 =

Annotations:
D:3 3 runed translucent doors, bande's ghost, amateur GrFi; muata's ghost, amateur MiBe; seaofthunder's ghost, amateur GnWn


Innate Abilities, Weirdness & Mutations

You have an increased reservoir of magic. (+10% MP)
You shall have no god before yourself.
Your divine heritage dramatically boosts your attributes as you level up.


Message History

Your Spellcasting skill increases to level 7!
An orc comes into view. It is wielding a +0 club.
The orc shouts!
You hear a shout!
The orc priest invokes the aid of Beogh against you.
Beogh smites you! The orc barely misses you.
The orc hits you with a +0 hand axe.
Casting: Iskenderun's Mystic Blast (dangerous; 4% risk of failure)
Confirm with . or Enter, or press ? or * to list all spells.
You miscast Iskenderun's Mystic Blast.
You are very lightly contaminated with residual magic.
Nothing appears to happen.
The orc priest calls upon Beogh to heal the orc.
The orc's wounds heal themselves!
A wight comes into view. It is wielding a +4 great sword.
The wight hits you with a +2 scimitar!
* * * LOW HITPOINT WARNING * * *
The orc hits you but does no damage. The orc barely misses you.
Unknown command.
Casting: Iskenderun's Mystic Blast (dangerous; 4% risk of failure)
Confirm with . or Enter, or press ? or * to list all spells.
You erupt in a blast of force!
The mystic blast hits something.
The mystic blast hits the orc!
You kill the orc!
The mystic blast hits the orc!
You kill the orc!
The mystic blast hits the orc.
The orc is moderately wounded.
The orc is knocked back by the mystic blast.
The mystic blast hits the orc priest but does no damage.
The orc priest is heavily wounded.
The mystic blast hits the wight!
The wight is moderately damaged.
The wight is knocked back by the mystic blast.
The wight slams into the rock wall!
The wight is heavily damaged.
The orc priest barely misses you.
An orc comes into view. It is wielding a +0 flail.
The orc priest mumbles some strange prayers to Beogh against you.
Beogh smites you!
You die...

.....# ..# .# .....#
##..###.#
###..######.......
#.............### #
##..............# .# .
#..####.........##o#'#
#>.# ##........#o).##
#..# ##....)o){o8o.o
..## #.o>.)@z# #..
##.....)# ... #...).##
#.....# ##....#
#.....# ##....# #....#
....#.


You could see a wight, 2 orc priests and 5 orcs.

Vanquished Creatures
  Erica (D:9)
  A two-headed ogre (D:7)
  A cyclops (D:8)
  Joseph (D:7)
  2 kobold demonologists (D:5)
  A wyvern (D:8)
  A wraith (D:9)
  4 yaks (D:8)
  3 steam dragons
  3 water moccasins
  2 ice beasts
  A hornet zombie (Ossuary)
  A sky beast (D:6)
  2 black bears (D:8)
  2 orc warriors (D:8)
  3 ogres
  2 centaurs (D:6)
  2 phantoms
  2 bullfrogs
  4 scorpions
  2 wyvern zombies (Ossuary)
  3 necrophages
  2 water moccasin zombies (Ossuary)
  6 killer bees (D:9)
  The ghost of Esekla the Sneak, a weakling OpDe (D:4)
  5 howler monkeys
  6 bullfrog zombies (Ossuary)
  6 centaur zombies (Ossuary)
  A gnoll shaman (D:5)
  A hound (D:4)
  3 orc priests
  4 jellies
  Jessica (D:2)
  7 iguanas
  3 orc wizards (D:8)
  2 killer bee zombies (Ossuary)
  12 mummies (Ossuary)
  3 howler monkey zombies (Ossuary)
  4 gnolls (D:5)
  12 adders
  4 white imps
  2 ufetubi
  3 worms
  4 dart slugs
  38 orcs
  7 bats
  9 endoplasms
  2 giant cockroaches
  5 hobgoblins
  3 jackals (D:1)
  5 quokkas
  4 ball pythons
  2 frilled lizards
  7 goblins
  11 kobolds
  9 rats
238 creatures vanquished.

Vanquished Creatures (others)
  8 fungi (D:8)
  5 plants (D:8)
  10 withered plants
23 creatures vanquished.

Grand Total: 261 creatures vanquished

Notes
Turn   | Place    | Note
-------+----------+-------------------------------------------
     0 | D:1      | horus123 the Demigod Conjurer began the quest for the Orb.
     0 | D:1      | Reached XP level 1. HP: 14/14 MP: 5/5
   395 | D:1      | Reached XP level 2. HP: 20/20 MP: 1/8
   602 | D:1      | Learned a level 2 spell: Searing Ray
  1206 | D:2      | Reached XP level 3. HP: 26/26 MP: 1/10
  1666 | D:2      | Noticed Jessica
  1673 | D:2      | Killed Jessica
  1674 | D:2      | Reached XP level 4. HP: 23/33 MP: 2/13
  3508 | D:3      | Learned a level 4 spell: Iskenderun's Mystic Blast
  3515 | D:3      | Found a runed translucent gate.
  3515 | D:3      | Found a runed translucent gate.
  3515 | D:3      | Found a runed translucent gate.
  3516 | D:3      | Noticed bande's ghost (amateur GrFi)
  3516 | D:3      | Noticed muata's ghost (amateur MiBe)
  3517 | D:3      | Noticed seaofthunder's ghost (amateur GnWn)
  3943 | D:3      | Reached XP level 5. HP: 9/38 MP: 1/15
  4219 | D:4      | Found Onighe Hytae's General Store.
  4407 | D:4      | Reached skill level 5 in Spellcasting
  4528 | D:4      | Learned a level 5 spell: Fireball
  4552 | D:4      | Noticed an ogre
  4558 | D:4      | Killed an ogre
  4561 | D:4      | Reached XP level 6. HP: 45/45 MP: 6/16
  4733 | D:4      | Reached skill level 5 in Conjurations
  4880 | D:4      | Found a staircase to the Ecumenical Temple.
  5083 | D:4      | Found a runed translucent door.
  5087 | D:4      | Noticed Esekla's ghost (weakling OpDe)
  5100 | D:4      | Killed Esekla's ghost
  5218 | D:5      | Entered Level 5 of the Dungeon
  5251 | D:5      | Noticed a water moccasin
  5262 | D:5      | Killed a water moccasin
  5263 | D:5      | Reached XP level 7. HP: 38/50 MP: 5/18
  5648 | D:5      | Noticed a kobold demonologist
  5658 | D:5      | Noticed an orange demon
  5658 | D:5      | Killed a kobold demonologist
  5667 | D:5      | Noticed a kobold demonologist
  5671 | D:5      | Noticed a sixfirhy
  5801 | D:5      | Noticed an orange demon
  5804 | D:4      | Reached XP level 8. HP: 47/57 MP: 4/19
  5897 | D:5      | Noticed a smoke demon
  5900 | D:5      | Noticed a rust devil
  6005 | D:5      | Killed a kobold demonologist
  6412 | D:5      | Identified the +6 spear of Wyrd {spect, rN++ Str+6 Int-2}
  7060 | D:6      | Reached skill level 10 in Conjurations
  7129 | D:6      | Reached skill level 1 in Fire Magic
  7562 | D:6      | Reached XP level 9. HP: 62/62 MP: 12/20
  7713 | D:6      | Found a sand-covered staircase.
  7722 | Ossuary  | Entered an ossuary
  7827 | Ossuary  | Reached skill level 5 in Fire Magic
  8959 | Ossuary  | Learned a level 6 spell: Starburst
  9967 | D:7      | Noticed Joseph
  9972 | D:7      | Killed Joseph
 10086 | D:7      | Noticed a two-headed ogre
 10243 | D:7      | Killed a two-headed ogre
 10244 | D:7      | Reached XP level 10. HP: 32/69 MP: 4/21
 11826 | D:8      | Reached skill level 10 in Fire Magic
 12482 | D:8      | Found Pan Sotu's Jewellery Emporium.
 12550 | D:8      | Found a staircase to the Lair.
 12705 | D:8      | Noticed a cyclops
 12713 | D:8      | Killed a cyclops
 13306 | D:9      | Noticed Erica
 13317 | D:9      | Killed Erica
 13320 | D:9      | Killed from afar by an orc priest

Illustrated notes

Levels and vault maps discovered:
D:1:      nagdon_arrival_zigzag_paths, layout_basic
D:2:      layout_basic, serial_glass, glass_columns_b, glass_columns_c,
          glass_columns_a, kennysheep_jessica_study
D:3:      layout_basic, gammafunk_ghost_cemetery
D:4:      layout_basic, ebering_ghost_sewer_d, serial_shops,
          nicolae_diamond_shop
D:5:      layout_cave_pools, vehumet_altar_wand_db, grunt_ministairs_11,
          kennysheep_generic_room_9
D:6:      cheibrodos_steamvent, layout_cave_pods, enter_ossuary_1
D:7:      layout_basic, uniq_joseph
D:8:      minmay_angry_zag, layout_rooms, grunt_lair_entry_orc_guard_hut,
          serial_shops, shop
D:9:      wander_kiku_kobolds, layout_layer_cave, hiddenorc2_lemuel,
          minmay_misc_feat_diagonals, uniq_erica

Skill      XL: |  1  2  3  4  5  6  7  8  9 10 |
---------------+-------------------------------+-----
Spellcasting   | 2 3 4 5 7 |  7.3
Conjurations   | 4 6 8 10 | 10.1
Fire Magic     | 3 8 10 | 10.0
Dodging        | |  1.7
Stealth        | |  1.7

Action                   |  1- 3 |  4- 6 |  7- 9 | 10-12 || total
-------------------------+-------+-------+-------+-------++-------
Melee: Dagger            |       |     3 |       |       ||     3
       Short sword       |       |       |    33 |     6 ||    39
 Cast: Magic Dart        |    74 |   129 |    88 |    35 ||   326
       Searing Ray       |     3 |    15 |    60 |    12 ||    90
       Iskenderun's Myst |       |       |    24 |    17 ||    41
       Fireball          |       |       |     6 |    23 ||    29
Evoke: Wand              |       |       |     2 |     1 ||     3
  Use: Scroll            |       |    11 |     7 |     9 ||    27
       Potion            |       |     1 |     3 |     4 ||     8
Armor: Robe              |     3 |     8 |    39 |    12 ||    62
Dodge: Dodged            |     8 |    48 |   161 |    33 ||   250

Table legend: (Time is in decaauts)
 A = Elapsed time spent in this place.
 B = Non-inter-level travel time spent in this place.
 C = Inter-level travel time spent in this place.
 D = Time resting spent in this place.
 E = Time spent auto-exploring this place.
 F = Levels seen in this place.
 G = Mean time per level.
                   A        B        C        D        E       F      G
               +--------+--------+--------+--------+--------+-----+--------+
         Total |  13343 |  13073 |    270 |   4872 |   6585 |  10 | 1334.3 |
       Dungeon |  12087 |  11817 |    270 |   4077 |   6355 |   9 | 1343.0 |
       Ossuary |   1255 |   1255 |      0 |    795 |    230 |   1 | 1255.0 |
               +--------+--------+--------+--------+--------+-----+--------+

Top non-repeatable levels by time:
     D:6: 2399 daAuts
     D:3: 1659 daAuts
     D:5: 1509 daAuts
     D:2: 1345 daAuts
     D:4: 1342 daAuts
 Ossuary: 1255 daAuts
     D:7: 1246 daAuts
     D:1: 1181 daAuts
     D:8: 1125 daAuts
     D:9: 277 daAuts
